 Dungeon Crawl Stone Soup version 0.29.1-15-g9cfb28693d (webtiles) character file.

Game seed: 17634375559046483102

58 croobank the Firebug (level 3, 0/24 HPs)
             Began as a Demonspawn Fire Elementalist on Apr 5, 2023.
             Slain by Robin
             ... wielding a +0 spear
              (4 damage)
             ... on level 2 of the Dungeon.
             The game lasted 00:07:22 (1902 turns).

croobank the Firebug (Demonspawn Fire Elementalist) Turns: 1902, Time: 00:07:23

Health: 0/24       AC:  2    Str:  8    XL:     3   Next: 76%
Magic:  6/6        EV: 12    Int: 18    God:
Gold:   82         SH:  0    Dex: 13    Spells: 3/6 levels left

rFire   . . .      SeeInvis .   g - +2 short sword (venom)
rCold   . . .      Faith    .   (no shield)
rNeg    . . .      Spirit   .   a - +0 robe
rPois   .          Reflect  .   (no helmet)
rElec   .          Harm     .   (no cloak)
rCorr   .          Rampage  .   (no gloves)
Will    .....                   (no boots)
Stlth   ++........              (no amulet)
HPRegen 0.08/turn               (no ring)
MPRegen 0.10/turn               (no ring)

@: no status effects
A: claws 1
a: no special abilities


You were on level 2 of the Dungeon.
You visited 1 branch of the dungeon, and saw 2 of its levels.

You collected 82 gold pieces.

Inventory:

Hand Weapons
 d - a +0 hand axe
 f - a +0 quarterstaff
 g - a +2 short sword of venom (weapon)
 j - a +0 dagger
Armour
 a - a +0 robe (worn)
Wands
 c - a wand of flame (15)
Scrolls
 i - 2 scrolls of identify {unknown}
 k - a scroll of blinking {unknown}
 l - a scroll of fear {unknown}
Potions
 e - a potion of heal wounds {unknown}
 h - a potion of flight {unknown}


   Skills:
 + Level 2.3 Dodging
 + Level 2.3 Stealth
 + Level 2.4 Spellcasting
 + Level 1.8 Conjurations
 + Level 3.0 Fire Magic


You had 3 spell levels left.
You knew the following spells:

 Your Spells              Type           Power      Damage    Failure   Level
a - Foxfire               Conj/Fire      40%        2x1d6     6%          1
b - Scorch                Fire           26%        2d6       8%          2

Your spell library contained the following spells:

 Spells                   Type           Power      Damage    Failure   Level
 Conjure Flame            Conj/Fire      10%        6-21      19%         3
 Inner Flame              Hex/Fire       7%         N/A       28%         3
 Flame Wave               Conj/Fire      10%        2d6       54%         4


Dungeon Overview and Level Annotations

Branches:
Dungeon (2/15)

Altars:

Annotations:
D:2 Robin


Innate Abilities, Weirdness & Mutations

You have sharp fingernails.


Message History

Robin's fire resistance burns away.
Robin drinks a potion.
Robin is healed!
Casting: Scorch (safe; 8% risk of failure)
Confirm with . or Enter, or press ? or * to list all spells.
Flames lash Robin.
Robin is burned terribly!
Robin is heavily wounded.
Robin's bangles clink loudly.
Casting: Scorch (safe; 8% risk of failure)
Confirm with . or Enter, or press ? or * to list all spells.
You conjure some foxfire!
Robin hits you from afar with a +0 spear.
What are your orders? t - Shout!
Orders for allies: a - Attack new target. p - Attack previous target. r - Retreat! s - Stop attacking. g - Guard the area. f - Follow me.
Anything else - Cancel.
Gang up on whom?
Press: ? - help, Dir - move target, f/p - Robin
Aim: Robin, wielding a +0 spear, wearing a +0 animal skin and wearing a +0 helmet (heavily wounded, more vulnerable to fire, ally target) Attack!
Robin throws the goblin at you! The goblin hits you with a +0 club.
The hobgoblin attacks as you move away! The hobgoblin barely misses you.
The foxfire hits the goblin.
You kill the goblin!
Robin throws the goblin at you! The goblin hits you with a +0 dagger.
You hit the hobgoblin.
The hobgoblin is poisoned.
The hobgoblin is moderately wounded.
The goblin misses you.
The hobgoblin hits you but does no damage.
The goblin hits you with a +0 dagger. The hobgoblin completely misses you.
Robin drinks a potion.
Robin is healed!
You barely miss the hobgoblin.
The hobgoblin is almost dead.
Robin misses you. The goblin hits you with a +0 dagger. The hobgoblin hits you.
* * * LOW HITPOINT WARNING * * *
You are too injured to fight recklessly!
You are too injured to fight recklessly!
Magic courses through your body.
You kill the hobgoblin!
Robin hits you from afar with a +0 spear.
You die...

#..#############
#...............
#.##..........#
#.##..........#
#.##..........#
#.####....##### #.
#.#..†.#..# #.
#.#.####.)# #. ###@..#
#..#######. #g?)g##
##...#...##. .......#.##
##........... .......#.#
#............ .......#.#
#............
^......#.####....>.......
########.#...............
#.#.##.....#......
#.#.#......#...#..


You could see Robin (combustible) and a goblin (strong).

Vanquished Creatures
  2 dart slugs (D:1)
  3 ball pythons (D:1)
  3 endoplasms (D:1)
  A giant cockroach (D:1)
  10 goblins
  7 hobgoblins
  5 jackals (D:1)
  3 kobolds
  4 quokkas
  5 bats
  3 rats
46 creatures vanquished.

Vanquished Creatures (collateral kills)
  A foxfire (D:2)
1 creature vanquished.

Vanquished Creatures (others)
  69 foxfires
69 creatures vanquished.

Grand Total: 116 creatures vanquished

Notes
Turn   | Place    | Note
-------+----------+-------------------------------------------
     0 | D:1      | croobank the Demonspawn Fire Elementalist began the quest
                  | for the Orb.
     0 | D:1      | Reached XP level 1. HP: 13/13 MP: 3/3
   299 | D:1      | Gained mutation: You have sharp fingernails. [demonic
                  | ancestry]
   299 | D:1      | Reached XP level 2. HP: 18/19 MP: 3/5
   414 | D:1      | Learned a level 2 spell: Scorch
   621 | D:1      | Reached XP level 3. HP: 24/24 MP: 0/6
   916 | D:1      | Reached skill level 3 in Fire Magic
   995 | D:1      | Found a faded altar of an unknown god.
  1589 | D:2      | Noticed Robin
  1902 | D:2      | Slain by Robin

Illustrated notes

Levels and vault maps discovered:
D:1:      saegor_arrival_simple_c, layout_loops_ring,
          shapermc_ecumenical_altar_flowoftime, minmay_3d_cube
D:2:      layout_rooms, uniq_robin, uniq_sigmund

Skill      XL: |  1  2  3 |
---------------+----------+-----
Stealth        | 2 |  2.3
Dodging        | 2 |  2.3
Fire Magic     | 3 |  3.0
Spellcasting   | |  2.4
Conjurations   | |  1.8

Action                   || total
-------------------------++-------
Melee: Short sword       ||    43
       Unarmed           ||     1
 Cast: Foxfire           ||    41
       Scorch            ||    16
  Use: Scroll            ||     2
       Potion            ||     1
 Stab: Sleeping          ||     1
Armor: Robe              ||    10
Dodge: Dodged            ||    39
